 Dungeon Crawl Stone Soup version 0.19.5 (webtiles) character file.

5760 theanonym the Covert (level 10, -13/46 HPs)
             Began as a Spriggan Assassin on Mar 18, 2017.
             Was a Follower of Dithmenos.
             Shot with an arrow by a centaur warrior (30 damage)
             ... on level 8 of the Dungeon.
             The game lasted 01:27:53 (13829 turns).

theanonym the Covert (Spriggan Assassin)           Turns: 13829, Time: 01:27:53

Health: -13/46     AC:  5    Str: 13    XL:     10   Next: 49%
Magic:  4/4        EV: 29    Int: 14    God:    Dithmenos [*.....]
Gold:   0          SH:  0    Dex: 20    Spells: 0 memorised, 9 levels left

rFire  + . .     SeeInvis +     a - +8 rapier "Neatih" {antimagic, rF+ Str+6}
rCold  + . .     Gourm    .     n - +2 robe {rC+}
rNeg   . . .     Faith    .     (shield restricted)
rPois  .         Spirit   .     (helmet restricted)
rElec  .         Reflect  .     d - +0 cloak
rCorr  .         Harm     .     (gloves unavailable)
MR     +....                    (boots unavailable)
Stlth  ++++++++..               (no amulet)
                                (no ring)
                                F - ring of stealth {Stlth+}

@: wreathed by umbra, very quick
A: unfitting armour, see invisible, herbivore 3, speed 3, slow metabolism 2
a: Renounce Religion


You were on level 8 of the Dungeon.
You worshipped Dithmenos.
Dithmenos was aware of your devotion.
You were not hungry.

You visited 2 branches of the dungeon, and saw 9 of its levels.

You collected 244 gold pieces.
You spent 244 gold pieces at shops.

Inventory:

Hand Weapons
 a - the +8 rapier "Neatih" (weapon) {antimagic, rF+ Str+6}
   (You found it on level 5 of the Dungeon)

   It reduces the magical energy of the wielder, and disrupts the spells and
   magical abilities of those hit.
   Natural abilities and divine invocations are not affected.
   It affects your strength (+6).
   It protects you from fire.
 b - a +0 blowgun
 c - a +1 dagger of freezing
   (You took it off an orc on level 4 of the Dungeon)
 O - a +2 dagger of speed
   (You took it off an orc wizard on level 8 of the Dungeon)
Missiles
 e - 54 poisoned needles
 f - 2 curare-tipped needles
 r - 6 tomahawks of returning
 x - a throwing net {=f, !d}
 L - 4 tomahawks (quivered)
Armour
 d - a +0 cloak (worn)
 n - a +2 robe of cold resistance (worn)
   (You took it off an orc wizard on level 4 of the Dungeon)
Jewellery
 F - a ring of stealth (left hand) {Stlth+}
   (You found it on level 6 of the Dungeon)
Wands
 w - a wand of flame (23/48)
   (You found it on level 4 of the Dungeon)
 B - a wand of slowing (14/48)
   (You found it on level 5 of the Dungeon)
 D - a wand of paralysis (17/24)
   (You found it on level 6 of the Dungeon)
 I - a wand of teleportation (7/9)
   (You found it on level 6 of the Dungeon)
Scrolls
 i - 2 scrolls of recharging
 m - a scroll of enchant weapon
 q - 3 scrolls of immolation {!r}
 y - 2 scrolls of teleportation
 G - a scroll of blinking {!r}
 H - 5 scrolls of identify
 J - a scroll of fog
 K - a scroll of enchant armour {unknown}
 N - a scroll of remove curse
Potions
 h - a potion of degeneration {unknown}
 j - a potion of curing
 k - 4 potions of lignification {unknown}
 l - a potion of ambrosia
 o - 2 potions of flight {unknown}
 s - a potion of haste {unknown}
 u - a potion of agility {unknown}
 v - 2 potions of resistance {unknown}
 z - a potion of invisibility {unknown}
 A - 2 potions of magic {unknown}
 E - 2 potions of mutation {unknown}
Books
 C - a book of Callings
   (You found it on level 6 of the Dungeon)
Comestibles
 g - 3 bread rations {@e1}
 p - a royal jelly


   Skills:
 - Level 1.5 Fighting
 * Level 11.2 Short Blades
 - Level 2.0 Throwing
 + Level 11.5 Dodging
 + Level 13.2 Stealth
 + Level 3.6 Invocations


You had 9 spell levels left.
You didn't know any spells.

Dungeon Overview and Level Annotations

Branches:
Dungeon (8/15)             Temple (1/1) D:7            Lair (0/6) D:8

Altars:
Ashenzari
Dithmenos
Elyvilon
Kikubaaqudgha
Makhleb
Nemelex Xobeh
Okawaru
Qazlal
Ru
Sif Muna
Uskayaw
Vehumet
Yredelemnul
Zin

Shops:
D:4 (!   D:5 =*%

Annotations:
D:5 exclusion: ogre, Grinder
D:7 Joseph
D:8 exclusion: orc


Innate Abilities, Weirdness & Mutations

You are very small and have problems with some larger weapons.
You are too small for most types of armour.
You have supernaturally acute eyesight. (SInv)
You are a herbivore.
You cover ground extremely quickly.
You need consume almost no food.


Message History

Okay, then.
Okay, then.
Maurice mumbles some strange words.
Maurice puts on a burst of speed!
Aim: Maurice, wielding a dagger of venom and wearing a runed cloak (covering ground quickly)
You throw a tomahawk. The tomahawk hits Maurice.
You barely miss Maurice.
The hound barks!
Maurice hits you with a dagger of venom.
Maurice steals your 8 tomahawks!
You are poisoned.
You take 4 damage, and have 42/46 hp.
Unknown command.
You hit Maurice.
Maurice's magic leaks into the air.
You feel sick.
You take 1 damage, and have 41/46 hp.
You hit Maurice.
Maurice's magic leaks into the air.
You feel sick. Maurice closely misses you.
You take 1 damage, and have 40/46 hp.
You puncture Maurice!
Maurice's magic leaks into the air.
Maurice completely misses you.
You barely miss Maurice. The hound closely misses you.
You barely miss Maurice.
You feel sick. Maurice closely misses you. The hound completely misses you.
You barely miss Maurice.
Maurice hits you with a dagger of venom.
Maurice steals your +4 dagger!
Maurice wields a +4 dagger.
You take 2 damage, and have 38/46 hp.
You puncture Maurice!
Maurice's magic leaks into the air.
You feel sick.
You take 1 damage, and have 37/46 hp.
You closely miss Maurice. The centaur warrior closely misses you.
Maurice hits you with a dagger of venom.
Maurice steals all your gold!
You are more poisoned.
You take 2 damage, and have 35/46 hp.
Unknown command.
Unknown command.
Unknown command.
Unknown command.
Unknown command.
Unknown command.
Unknown command.
Unknown command.
Unknown command.
You puncture Maurice!
Maurice's magic leaks into the air.
You feel sick.
The centaur warrior hits you with a dagger!
You take 9 damage, and have 26/46 hp.
You closely miss Maurice.
You feel sick. The centaur warrior misses you.
Maurice falters for a moment.
You take 1 damage, and have 25/46 hp.
You puncture Maurice!
You kill Maurice!
Dithmenos accepts your kill.
You feel sick. The centaur warrior misses you.
You take 1 damage, and have 24/46 hp.
Here: a hound (umbra)
A dagger of venom.
There is something else lying underneath.
The floor, spattered with blood.
You feel sick.
The centaur warrior unwields an uncursed dagger.
The centaur warrior wields a longbow.
The centaur warrior shoots an arrow.
The arrow completely misses you.
You take 1 damage, and have 23/46 hp.
You hit the hound. You hit the hound.
You feel sick. The hound barely misses you.
You take 1 damage, and have 22/46 hp.
You puncture the hound!
You kill the hound!
Dithmenos accepts your kill.
You feel sick.
The centaur warrior shoots an arrow.
The arrow completely misses you.
You feel sick.
You see here a hound corpse.
You take 1 damage, and have 21/46 hp.
You hit the centaur warrior.
The centaur warrior unwields an uncursed longbow.
The centaur warrior wields an uncursed dagger.
The centaur warrior completely misses you.
You puncture the centaur warrior!
You feel sick.
The centaur warrior hits you with an uncursed dagger!
* * * LOW HITPOINT WARNING * * *
You take 14 damage, and have 7/46 hp.
MASSIVE DAMAGE!!
Unknown command.
Unknown command.
Unknown command.
Unknown command.
Unknown command.
Unknown command.
Unknown command.
Okay, then.
You feel better. The centaur warrior closely misses you.
You regained 10 hp, and now have 17/46 hp.
The centaur warrior unwields an uncursed dagger.
The centaur warrior wields an uncursed longbow.
The centaur warrior shoots an arrow.
The arrow misses you.
The centaur warrior shoots an arrow.
The arrow hits you!!
Ouch! That really hurt!
You die...

#..#...##........# #.##.......
#.##..###........# #.####.....
..##..# ##.>.....# ##.####.....
.###.## #.>.....# #....####..| ##
#.# #.....(.# ##....####...
####.# ###..#..# ##.......####.
...#.#######...(.###..#.....####.
............(.....†c(.[.....<..)(
##...#...###....@##.).#.....h†..#
#.#.###..........#.#.#.........#
##.#.# #####........#)#........##
...#.# #####.#....?..[÷...P.cP.##
.###.# #...........%.........P..#
.###.#######.##......P..P@PP..P..
##......)# #.##..#.....PPP....(.#
#..#.#######...>......PP...PP....
..##.# ####..##...#..PPP....P.P..


You could see a centaur warrior.

Vanquished Creatures
  Erica (D:8)
  A hill giant (D:8)
  Pikel (D:6)
  Maurice (D:8)
  A troll (D:8)
  A two-headed ogre (D:8)
  Prince Ribbit (D:7)
  2 hungry ghosts (D:7)
  Duvessa (D:5)
  A sky beast (D:4)
  3 orc warriors
  2 centaurs
  3 ogres
  5 bullfrogs
  Dowan (D:5)
  A howler monkey (D:4)
  A centaur zombie (D:8)
  4 crimson imps
  2 jellies (D:7)
  4 orc priests
  6 hounds
  2 bullfrog skeletons
  3 gnoll shamans (D:4)
  An iguana (D:6)
  5 orc wizards
  6 worker ants
  A killer bee zombie (D:7)
  A worker ant zombie (D:6)
  33 gnolls
  18 adders
  A howler monkey skeleton (D:8)
  A river rat (D:8)
  2 shadow imps
  2 oozes
  2 adder skeletons
  An adder zombie (D:7)
  8 leopard geckos
  32 orcs
  4 giant cockroaches
  9 hobgoblins
  25 jackals
  6 kobolds
  3 quokkas
  8 bats
  6 frilled lizards
  A giant cockroach zombie (D:5)
  6 goblins
  A kobold (shapeshifter) (D:8)
  2 leopard gecko skeletons
  2 quokka skeletons (D:4)
  A quokka zombie (D:8)
  10 rats
246 creatures vanquished.

Vanquished Creatures (others)
  A river rat (D:8)
  6 fungi (D:8)
7 creatures vanquished.

Grand Total: 253 creatures vanquished

Notes
Turn   | Place    | Note
-------+----------+-------------------------------------------
     0 | D:1      | theanonym the Spriggan Assassin began the quest for the Orb.
     0 | D:1      | Reached XP level 1. HP: 10/10 MP: 2/2
    65 | D:1      | Reached skill level 6 in Stealth
   231 | D:1      | Reached skill level 2 in Dodging
   536 | D:1      | Reached XP level 2. HP: 5/14 MP: 3/3
  1175 | D:2      | HP: 3/14 [dart slug/slug dart (2)]
  1845 | D:2      | Reached XP level 3. HP: 18/18 MP: 4/4
  1883 | D:2      | Reached skill level 3 in Short Blades
  2495 | D:3      | Reached skill level 3 in Dodging
  2497 | D:3      | Reached XP level 4. HP: 14/22 MP: 5/5
  2991 | D:3      | Reached skill level 7 in Stealth
  3301 | D:4      | Reached skill level 4 in Dodging
  3520 | D:4      | Found Qoseam's Distillery.
  3535 | D:4      | Bought a potion of curing for 36 gold pieces
  3535 | D:4      | Bought a potion of berserk rage for 60 gold pieces
  3535 | D:4      | Bought a potion of heal wounds for 60 gold pieces
  3535 | D:4      | Bought a potion of berserk rage for 60 gold pieces
  3572 | D:4      | Reached XP level 5. HP: 18/25 MP: 6/6
  3656 | D:4      | Found Ocwulets's Antique Weapon Boutique.
  3675 | D:4      | Reached skill level 4 in Short Blades
  3915 | D:4      | HP: 6/25 [worker ant (7)]
  3923 | D:3      | HP: 4/25 [poisoned by a worker ant]
  3931 | D:3      | HP: 3/25 [poisoned by a worker ant]
  4506 | D:4      | Reached skill level 5 in Dodging
  4506 | D:4      | Reached skill level 8 in Stealth
  4506 | D:4      | Reached XP level 6. HP: 30/30 MP: 7/7
  4949 | D:4      | HP: 4/30 [gnoll/flail (12)]
  6073 | D:4      | Reached skill level 6 in Dodging
  6101 | D:4      | Reached skill level 5 in Short Blades
  6709 | D:4      | Reached XP level 7. HP: 13/33 MP: 8/8
  7142 | D:4      | Reached skill level 9 in Stealth
  7724 | D:4      | Reached skill level 7 in Dodging
  8043 | D:4      | HP: 7/33 [ogre/giant club (26)]
  8711 | D:3      | Reached skill level 10 in Stealth
  8740 | D:4      | Reached skill level 6 in Short Blades
  8746 | D:4      | Reached XP level 8. HP: 21/37 MP: 9/9
  8906 | D:5      | Entered Level 5 of the Dungeon
  8907 | D:5      | Found Gutuj's Food Shoppe.
  8908 | D:5      | Reached skill level 8 in Dodging
  9025 | D:5      | Bought a royal jelly for 28 gold pieces
  9115 | D:5      | Found a hide-covered altar of Uskayaw.
  9162 | D:5      | Found Gaul's Assorted Antiques.
  9171 | D:5      | Found a stormy altar of Qazlal.
  9172 | D:5      | Got a dazzling rapier
  9173 | D:5      | Identified the +8 rapier "Neatih" {antimagic, rF+ Str+6} (You found it on level 5 of the Dungeon)
  9187 | D:5      | Noticed Duvessa
  9193 | D:5      | Found Rewaomum's Jewellery Shop.
  9471 | D:5      | Found a hide-covered altar of Uskayaw.
  9511 | D:5      | Noticed Grinder
  9600 | D:5      | Noticed Dowan
  9604 | D:5      | Killed Duvessa
  9608 | D:5      | Killed Dowan
  9685 | D:5      | Found a deep blue altar of Sif Muna.
  9806 | D:6      | Reached skill level 7 in Short Blades
  9854 | D:6      | Found a glowing silver altar of Zin.
  9912 | D:6      | Reached skill level 9 in Dodging
  9917 | D:6      | Reached skill level 11 in Stealth
 10290 | D:6      | HP: 5/37 [orc warrior/long sword (18)]
 10299 | D:6      | Reached skill level 8 in Short Blades
 10633 | D:6      | Found a sacrificial altar of Ru.
 10713 | D:6      | Reached XP level 9. HP: 27/41 MP: 10/10
 10721 | D:6      | Noticed Pikel
 10804 | D:5      | You fall through a shaft for 3 floors!
 10951 | D:6      | HP: 10/41 [slave[Pikel] (7)]
 10971 | D:6      | Killed Pikel
 10971 | D:6      | Reached skill level 9 in Short Blades
 10971 | D:6      | Reached skill level 10 in Dodging
 11585 | D:7      | Reached skill level 12 in Stealth
 11699 | D:7      | Noticed Prince Ribbit
 11706 | D:7      | Killed Prince Ribbit
 11907 | D:7      | Found a staircase to the Ecumenical Temple.
 11916 | Temple   | Entered the Ecumenical Temple
 11927 | Temple   | Became a worshipper of Dithmenos the Shadowed
 12027 | D:7      | Noticed Joseph
 12467 | D:8      | Noticed Erica
 12504 | D:7      | Reached skill level 1 in Invocations
 12786 | D:8      | Found a staircase to the Lair.
 12802 | D:8      | Reached skill level 10 in Short Blades
 12903 | D:8      | HP: 9/41 [river rat (7)]
 12916 | D:8      | HP: 7/41 [Erica/orb of energy (10)]
 12918 | D:8      | Killed Erica
 12918 | D:8      | Reached skill level 11 in Dodging
 12918 | D:8      | Reached skill level 2 in Invocations
 12918 | D:8      | Reached XP level 10. HP: 13/46 MP: 12/12
 13236 | D:8      | Reached * piety under Dithmenos
 13354 | D:8      | Noticed Maurice
 13496 | D:8      | Noticed a hill giant
 13613 | D:8      | Killed a hill giant
 13613 | D:8      | Reached skill level 3 in Invocations
 13631 | D:8      | Reached skill level 13 in Stealth
 13691 | D:8      | Noticed a centaur warrior
 13692 | D:8      | Reached skill level 11 in Short Blades
 13819 | D:8      | Killed Maurice
 13826 | D:8      | HP: 7/46 [centaur warrior/uncursed dagger (13)]
 13829 | D:8      | Shot with an arrow by a centaur warrior

Skill      XL: |  1  2  3  4  5  6  7  8  9 10 |
---------------+-------------------------------+-----
Stealth        | 6 7 8 10 11 12 13 | 13.2
Dodging        | 2 3 4 5 6 7 9 11 | 11.5
Short Blades   | 3 4 5 6 8 10 11 | 11.2
Invocations    | 2 3 |  3.6
Fighting       | |  1.5
Throwing       | |  2.0

Action                   |  1- 3 |  4- 6 |  7- 9 | 10-12 || total
-------------------------+-------+-------+-------+-------++-------
Melee: Dagger            |   123 |   446 |   658 |    38 ||  1265
       Rapier            |       |       |    68 |   127 ||   195
 Fire: Blowgun           |       |       |     9 |       ||     9
Throw: Throwing net      |       |       |     1 |       ||     1
       Tomahawk          |       |       |     1 |     5 ||     6
Evoke: Wand              |       |       |     2 |       ||     2
  Use: Potion            |       |     5 |     5 |     1 ||    11
       Scroll            |       |     5 |     8 |     2 ||    15
 Stab: Sleeping          |     9 |    11 |    23 |       ||    43
       Distracted        |       |     3 |     4 |     1 ||     8
  Eat: Bread ration      |       |     1 |     1 |       ||     2
Armor: Robe              |     8 |    37 |    47 |     7 ||    99
Dodge: Dodged            |    75 |   372 |   535 |   116 ||  1098

Vault maps used:
D:1:      moated_graveyard_arrival, due_unseen_surprise
D:3:      first_bread, minmay_misc_feat_tower
D:4:      lemuel_castle_with_subvaults, serial_shops, shop,
          kennysheep_small_circle
D:5:      cheibrodos_quashed, grunt_qazlal_sundering, lemuel_blue_sif_altar,
          kennysheep_mini, serial_shops, shop_fountains, shop,
          nicolae_shop_temple_entry_statues_fountains, basic_altar,
          uniq_duvessa, uniq_grinder
D:6:      nicolae_ru_path_of_blood, overflow_temple_1_default, uniq_pikel
D:7:      temple_hall, minivault_11, uniq_joseph, uniq_prince_ribbit1
D:8:      minmay_bloctagon, due_lair_maze_entry_diamond, enter_ossuary_2,
          minmay_item_behind_shaft, hangedman_ranch, uniq_erica, uniq_maurice
Temple:   eino_temple_rhombus

Table legend:
 A = Turns spent in this place as a percentage of turns spent in the entire game.
 B = Non-inter-level travel turns spent in this place as a percentage of non-inter-level travel turns spent in the entire game.
 C = Inter-level travel turns spent in this place as a percentage of turns spent in this place.
 D = Turns resting spent in this place as a percentage of non-inter-level travel turns spent in this place.
 E = Turns spent auto-exploring this place as a percentage of non-inter-level travel turns spent in this place.
 F = Non-inter-level travel turns spent in this place divided by the number of levels of this place that you've seen.
                   A       B       C       D       E      F
               +-------+-------+-------+-------+-------+----------------------
         Total | 100.0 | 100.0 |   0.7 |   2.6 |   6.1 | 497.6
       Dungeon |  99.7 |  99.8 |   0.7 |   2.6 |   6.1 | 558.5
        Temple |   0.3 |   0.2 |  16.7 |   0.0 |  20.0 |  10.0
               +-------+-------+-------+-------+-------+----------------------

Table legend:
 A = Kills in this place as a percentage of kills in entire the game.
 B = Kills by you in this place as a percentage of kills by you in the entire game.
 C = Kills by friends in this place as a percentage of kills by friends in the entire game.
 D = Other kills in this place as a percentage of other kills in the entire game.
 E = Experience gained in this place as a percentage of experience gained in the entire game.
 F = Experience gained in this place divided by the number of levels of this place that you have seen.
                   A       B       C       D       E      F
               +-------+-------+-------+-------+-------+----------------------
         Total | 100.0 | 100.0 |  -nan |  -nan | 100.0 | 914.3
       Dungeon | 100.0 | 100.0 |  -nan |  -nan | 100.0 | 1028.6
               +-------+-------+-------+-------+-------+----------------------
